 Dungeon Crawl Stone Soup version 0.28-a0-655-g4eb62b627b (webtiles) character file.

Game seed: 13531046605540631980

183 cheechan the Sneak (level 5, -3/32 HPs)
             Began as an Octopode Hedge Wizard on Oct 12, 2021.
             Slain by a bullfrog zombie (4 damage)
             ... on level 3 of the Dungeon.
             The game lasted 00:13:58 (3020 turns).

cheechan the Sneak (Octopode Hedge Wizard)          Turns: 3020, Time: 00:13:59

Health: -3/32      AC:  2    Str:  9    XL:     5   Next: 62%
Magic:  4/11       EV: 13    Int: 17    God:
Gold:   147        SH:  0    Dex: 12    Spells: 5/12 levels left

rFire   . . .      SeeInvis .   m - +3 spear (vorpal)
rCold   . . .      Faith    .   (no shield)
rNeg    . . .      Spirit   .   b - +1 hat
rPois   .          Reflect  .   (no amulet)
rElec   .          Harm     .   (no ring)
rCorr   .          Rampage  .   (no ring)
Will    .....                   (no ring)
Stlth   ++++......              (no ring)
HPRegen 0.10/turn               (no ring)
MPRegen 0.12/turn               (no ring)
                                (no ring)
                                (no ring)

@: no status effects
A: almost no armour, amphibious, 8 rings, camouflage 1, gelatinous body 1,
(nimble swimmer 1), tentacles
a: no special abilities


You were on level 3 of the Dungeon.
You visited 1 branch of the dungeon, and saw 4 of its levels.
You also visited: Sewer.

You collected 147 gold pieces.

Inventory:

Hand Weapons
 a - a +0 dagger
 i - a +0 whip of venom
 m - a +3 vorpal spear (weapon)
 n - a +0 hunting sling
 q - a +0 falchion
Missiles
 e - 26 sling bullets
 f - 63 stones
 k - 34 arrows
 p - 3 curare-tipped darts
Armour
 b - a +1 hat (worn)
 j - a +1 leather armour of fire resistance
Wands
 h - a wand of flame (18) (quivered)
Scrolls
 d - a scroll of identify
 r - 2 scrolls of fear
Potions
 c - a potion of cancellation
 g - a potion of might
 o - 4 potions of haste
 s - a potion of mutation {unknown}
 t - a potion of curing {unknown}


   Skills:
 + Level 0.6 Fighting
 + Level 0.1 Short Blades
 + Level 1.2 Polearms
 + Level 2.2 Dodging
 * Level 4.8 Stealth
 + Level 4.3 Spellcasting
 + Level 1.3 Conjurations
 + Level 1.0 Summonings
 + Level 0.9 Necromancy
 + Level 1.0 Translocations


You had 5 spell levels left.
You knew the following spells:

 Your Spells              Type           Power      Damage    Failure   Level
a - Magic Dart            Conj           32%        1d4       9%          1
b - Blink                 Tloc           N/A        N/A       16%         2
c - Call Imp              Summ           7%         N/A       16%         2
d - Pain                  Necr           24%        1d5       11%         1
e - Animate Skeleton      Necr           12%        N/A       11%         1

Your spell library contained the following spells:

 Spells                   Type           Power      Damage    Failure   Level
 Slow                     Hex            3%         N/A       22%         2
 Call Canine Familiar     Summ           7%         N/A       30%         3
 Vampiric Draining        Necr           3%         2d6       30%         3
 Conjure Flame            Conj/Fire      6%         6-21      34%         3
 Mephitic Cloud           Conj/Pois/Air  5%         N/A       36%         3
 Portal Projectile        Hex/Tloc       10%        N/A       36%         3
 Leda's Liquefaction      Hex/Erth       1%         N/A       83%         4


Dungeon Overview and Level Annotations

Branches:
Dungeon (4/15)              Sewer (visited)
 Temple: D:4-7

Altars:
Sif Muna

Annotations:
D:4 gorlok231's ghost, amateur DEGl


Innate Abilities, Weirdness & Mutations

You cannot wear most types of armour.
You are amphibious.
You can wear up to eight rings at the same time.
Your skin changes colour to match your surroundings (Stealth+).
Your rubbery body absorbs attacks. (AC +1, EV +1)
((You are camouflaged near water. (Stealth+)))
You have tentacles for arms and can constrict up to eight enemies at once.


Message History

Gorlok231's ghost hits your white imp!
Your white imp dies!
Your white imp disappears in a puff of smoke!
Casting: Call Imp (safe; 16% risk of failure)
Confirm with . or Enter, or press ? or * to list all spells.
A beastly little devil appears in a puff of flame.
Gorlok231's ghost turns its malevolent gaze towards you.
You hear a shout!
Your magical contamination has completely faded away.
You swap places.
Gorlok231's ghost hits your crimson imp but does no damage.
Your crimson imp misses gorlok231's ghost.
Gorlok231's ghost hits your crimson imp.
Your crimson imp hits gorlok231's ghost but does no damage.
An orc comes into view. It is wielding a +0 mace.
The orc shouts!
You hear a shout! x2; The orc shouts!
Gorlok231's ghost hits your crimson imp.
Your crimson imp barely misses gorlok231's ghost.
An orc comes into view. It is wielding a +0 club.
The orc throws a boomerang.
The boomerang barely misses you.
Your crimson imp blinks!
Something hits your crimson imp.
Gorlok231's ghost barely misses your crimson imp.
Your crimson imp closely misses gorlok231's ghost.
Gorlok231's ghost closely misses your crimson imp.
There is a stone staircase leading up here.
You climb upwards.
The water moccasin skeleton bites you. The wyvern skeleton bites you!
* * * LOW HITPOINT WARNING * * *
There is a stone staircase leading down, spattered with blood here.
The water moccasin skeleton misses you.
The water moccasin skeleton completely misses you.
The bullfrog zombie hits you but does no damage.
The wyvern skeleton bites you.
* * * LOW HITPOINT WARNING * * *
The bullfrog zombie barely misses you. The bullfrog zombie misses you.
The water moccasin skeleton bites you.
* * * LOW HITPOINT WARNING * * *
The bullfrog zombie hits you.
You die...

#.....# ########.. ### ##.####
#†...# ### ..# #.# #.##.# # #.#
##.# #.##.### # ..### ##..#
#.##...### ....#####..##
#.####..## ##........##
#########.# ##.##
#####.#...#####.Z....>..# #...
#...#......@ZZ.....## ####
##...###.####.####.# #.. #.#.#
#.##.....##.# #..
####..###.#.......#.# ##..
#_^.....#.#.......#.######...
#########......._.)......ZZZ...
###..# ###..#.......#.#########
#...## ##....#.......#.#####
..### ##...#.##.....##.....#


You could see a bullfrog zombie, a water moccasin skeleton and a wyvern
skeleton.

Vanquished Creatures
  Purgy (Sewer)
  3 adders
  A worm (D:3)
  2 dart slugs (D:1)
  An orc (D:3)
  5 ball pythons
  10 bats
  5 endoplasms
  4 giant cockroaches
  4 hobgoblins
  3 jackals (D:2)
  A quokka (D:3)
  2 frilled lizards (Sewer)
  4 goblins
  2 kobolds
  4 rats
52 creatures vanquished.

Vanquished Creatures (collateral kills)
  A goblin (D:3)
1 creature vanquished.

Grand Total: 53 creatures vanquished

Notes
Turn   | Place    | Note
-------+----------+-------------------------------------------
     0 | D:1      | cheechan the Octopode Hedge Wizard began the quest for the
                  | Orb.
     0 | D:1      | Reached XP level 1. HP: 11/11 MP: 4/4
   276 | D:1      | Reached XP level 2. HP: 9/17 MP: 0/6
   425 | D:1      | Learned a level 2 spell: Blink
   428 | D:1      | Learned a level 2 spell: Call Imp
   430 | D:1      | Learned a level 1 spell: Pain
   432 | D:1      | Learned a level 1 spell: Animate Skeleton
  1262 | D:2      | Reached XP level 3. HP: 19/21 MP: 5/8
  1854 | D:3      | Found a runed translucent gate.
  1854 | D:3      | Found a runed translucent gate.
  1854 | D:3      | Found a runed translucent gate.
  1855 | D:3      | Noticed gorlok231's ghost (amateur DEGl)
  1897 | D:3      | Found a shimmering blue altar of Sif Muna.
  1921 | D:3      | Found a faded altar of an unknown god.
  1977 | D:3      | Reached XP level 4. HP: 16/27 MP: 0/10
  2233 | D:3      | Found a glowing drain.
  2257 | Sewer    | Entered a sewer
  2290 | Sewer    | Noticed Purgy
  2343 | Sewer    | Killed Purgy
  2344 | Sewer    | Reached skill level 1 in Polearms
  2344 | Sewer    | Reached XP level 5. HP: 32/32 MP: 4/11
  3019 | D:3      | HP: 1/32 [water moccasin skeleton (1)]
  3020 | D:3      | Slain by a bullfrog zombie

Illustrated notes

Levels and vault maps discovered:
D:1:      roderic_dead_forest, layout_basic, hangedman_abyss_or_decor_stabs
D:2:      layout_basic, uniq_crazy_yiuf_cottage
D:3:      layout_rooms, old_standard_altar, gammafunk_ghost_necromancy,
          hellmonk_ecumenical_altar_leap_of_faith, cheibrodos_sewer_entry_bend,
          kennysheep_generic_room_6
D:4:      layout_loops_corners, mainiacjoe_overflow_small_starburst,
          eat_drink_and_be_merry_uskayaw, minmay_temple_entry_wispy,
          minmay_cupped, uniq_ijyb

Skill      XL: |  1  2  3  4 |
---------------+-------------+-----
Stealth        | 3 4 |  4.8
Spellcasting   | 4 |  4.3
Polearms       | 1 |  1.2
Fighting       | |  0.6
Short Blades   | |  0.1
Dodging        | |  2.2
Conjurations   | |  1.3
Summonings     | |  1.0
Necromancy     | |  0.9
Translocations | |  1.0

Action                   |  1- 3 |  4- 6 || total
-------------------------+-------+-------++-------
Melee: Dagger            |    26 |       ||    26
       Constrict         |    13 |     7 ||    20
       Tentacles         |     6 |     2 ||     8
       Spear             |    16 |    51 ||    67
       Whip              |     9 |       ||     9
 Cast: Magic Dart        |    35 |    27 ||    62
       Animate Skeleton  |     5 |     9 ||    14
       Blink             |       |     1 ||     1
       Call Imp          |       |     7 ||     7
Evoke: Wand              |       |     2 ||     2
  Use: Scroll            |     3 |     5 ||     8
       Potion            |       |     1 ||     1
 Stab: Sleeping          |     6 |     1 ||     7
Armor: Skin              |     6 |     3 ||     9
Dodge: Dodged            |    40 |    31 ||    71

Table legend: (Time is in decaauts)
 A = Elapsed time spent in this place.
 B = Non-inter-level travel time spent in this place.
 C = Inter-level travel time spent in this place.
 D = Time resting spent in this place.
 E = Time spent auto-exploring this place.
 F = Levels seen in this place.
 G = Mean time per level.
                   A        B        C        D        E       F      G
               +--------+--------+--------+--------+--------+-----+--------+
         Total |   3025 |   3025 |      0 |    378 |      0 |   5 |  605.0 |
       Dungeon |   2664 |   2664 |      0 |    333 |      0 |   4 |  666.0 |
         Sewer |    360 |    360 |      0 |     45 |      0 |   1 |  360.0 |
               +--------+--------+--------+--------+--------+-----+--------+

Top non-repeatable levels by time:
     D:1: 1208 daAuts
     D:3: 777 daAuts
     D:2: 640 daAuts
   Sewer: 360 daAuts
     D:4: 39 daAuts
